 Dungeon Crawl Stone Soup version 0.32-a0-136-gc02482bde3 (webtiles) character file.

Game seed: 1614767923350014976

5497 Pooter the Cleaver (level 10, -4/90 HPs)
             Began as a Minotaur Berserker on Feb 11, 2024.
             Was a Priest of Trog.
             Killed from afar by a kobold blastminer (35 damage)
             ... with an iron shot
             ... on level 1 of the Orcish Mines.
             The game lasted 00:49:42 (8651 turns).

Pooter the Cleaver (Minotaur Berserker)             Turns: 8651, Time: 00:49:43

Health: -4/90      AC: 17    Str: 26    XL:     10   Next: 42%
Magic:  9/9        EV:  7    Int:  4    God:    Trog [***...]
Gold:   604        SH:  0    Dex: 10    Spells: 9/9 levels left

rFire   . . .        a - +3 trident (drain)
rCold   . . .        (no shield)
rNeg    . . .        B - +3 plate armour
rPois   .            (helmet restricted)
rElec   .            i - +1 cloak {Will+}
rCorr   .            (no gloves)
SInv    .            p - +0 pair of boots
Will    +....        (no amulet) Stlth
                     (no ring)
HPRegen 0.35/turn    (no ring)
MPRegen 0.11/turn

%: no passive effects
@: on berserk cooldown, slowed, very slow
A: horns 2, retaliatory headbutt
a: Renounce Religion, Berserk, Trog's Hand


You were on level 1 of the Orcish Mines.
You worshipped Trog.
Trog was most pleased with you.
You visited 2 branches of the dungeon, and saw 10 of its levels.
You also visited: Ossuary.

You collected 604 gold pieces.

Inventory:

Hand Weapons
 a - a +3 trident of draining (weapon)
   (You took it off Jeremiah on level 9 of the Dungeon)
 b - a +0 orcbow
   (You took it off an orc warrior on level 7 of the Dungeon)
 o - a +0 war axe
   (You found it on level 5 of the Dungeon)
 H - a +4 morningstar
   (You took it off a wight on level 8 of the Dungeon)
 I - the +1 flail "Hiaveleg" {freeze, rN+}
   (You took it off a wight on level 8 of the Dungeon)

   rN+:       It protects you from negative energy.
Missiles
 q - 16 poisoned darts (quivered)
 w - 4 throwing nets {!f}
 Q - 33 stones
Armour
 i - a +1 cloak of willpower (worn)
   (You took it off Maurice on level 9 of the Dungeon)
 p - a +0 pair of boots (worn)
   (You found it on level 3 of the Dungeon)
 s - a +4 ring mail of cold resistance
   (You found it on level 9 of the Dungeon)
 A - a scarf of shadows
   (You found it on level 7 of the Dungeon)
 B - a +3 plate armour (worn)
   (You took it off an orc warrior on level 7 of the Dungeon)
 F - a +2 chain mail of poison resistance
   (You took it off an orc on level 1 of the Orcish Mines)
Jewellery
 h - a ring of fire
   (You found it on level 1 of the Dungeon)
Wands
 d - a wand of iceblast (12)
   (You took it off Pikel on level 5 of the Dungeon)
 f - a wand of flame (12)
   (You took it off Maurice on level 9 of the Dungeon)
 n - a wand of polymorph (5)
   (You found it on level 7 of the Dungeon)
Scrolls
 k - a scroll of revelation
 t - 3 scrolls of teleportation {@r4}
 u - 4 scrolls of poison {!r}
 x - 4 scrolls of noise {!r}
 z - a scroll of vulnerability {!r}
 C - a scroll of summoning
Potions
 c - 2 potions of cancellation
 e - 2 potions of mutation {!q}
 g - 3 potions of heal wounds {@q2}
 j - a potion of ambrosia {unknown}
 l - a potion of resistance {unknown}
 m - 4 potions of invisibility
 r - 3 potions of curing {@q1}
 v - a potion of berserk rage {unknown}
 D - a potion of enlightenment {unknown}
 E - a potion of magic {unknown}
 G - a potion of might {unknown}


   Skills:
 + Level 8.9 Fighting
 * Level 12.0 Axes
 * Level 9.7 Ranged Weapons
 - Level 3.3 Throwing
 - Level 2.4 Armour
 - Level 2.1 Dodging
 - Level 3.0 Evocations


You had 9 spell levels left.
You didn't know any spells.
Your spell library was empty.

Dungeon Overview and Level Annotations

Branches:
Dungeon (9/15) Zot: 26350  Temple (0/1) D:4             Orc (1/2) D:9 Zot: 5887
Ossuary (visited)
   Lair: D:8-11

Altars:
Ashenzari
Cheibriados
Dithmenos
Elyvilon
Fedhas
Gozag
Hepliaklqana
Kikubaaqudgha
Makhleb
Nemelex Xobeh
Okawaru
Qazlal
Ru
Sif Muna
Trog
Uskayaw
Wu Jian
Xom

Annotations:
D:9 1 transporter, 2 runed translucent doors


Innate Abilities, Weirdness & Mutations

You have a pair of horns on your head.
You reflexively headbutt those who attack you in melee.


Message History

There is a staircase to the Orcish Mines here.
You start resting.
You climb downwards.
Welcome back to the Orcish Mines!
The kobold blastminer shoots a bolt.
The bolt hits you!
The kobold blastminer shoots a bolt.
The bolt hits you but does no damage.
There is a staircase back to the Dungeon, spattered with blood here.
A red film seems to cover your vision as you go berserk!
You feel yourself moving faster!
You feel mighty!
The kobold blastminer shoots a bolt.
The bolt hits you!
You feel a strong urge to attack something.
Items here: ))))) [[[ รทรทรทรท.
The kobold blastminer shoots a bolt.
The bolt hits you but does no damage.
Things that are here:
a +0 robe; a +0 dagger; an orc corpse You feel your anger nearly subside.
The kobold blastminer shoots a bolt.
The bolt hits you but does no damage.
You are no longer berserk.
You are exhausted.
You feel yourself slow down.
Things that are here:
a +0 robe; a +2 dagger of draining You reach to attack!
You barely miss the kobold blastminer.
The kobold blastminer shoots a bolt.
The bolt hits you.
The kobold blastminer shoots a bolt.
The bolt hits you!
You are too injured to fight recklessly!
You are too injured to fight recklessly!
You are too injured to fight recklessly!
Reach: a) +3 trident (drain)
Press: ? - help, Dir - move target, f/p - kobold blastminer
Aim: a kobold blastminer, wielding a +0 arbalest (about 46% to evade your +3 trident of draining)
You reach to attack!
You barely miss the kobold blastminer.
The kobold blastminer shoots a bolt.
The bolt hits you.
Reach: a) +3 trident (drain)
Press: ? - help, Dir - move target, f/p - kobold blastminer
Aim: a kobold blastminer, wielding a +0 arbalest (about 46% to evade your +3 trident of draining)
You reach to attack!
You hit the kobold blastminer. You drain the kobold blastminer.
The kobold blastminer blasts its cannon at you.
The iron shot hits you!!
* * * LOW HITPOINT WARNING * * *
The kobold blastminer blasts its cannon at you.
The iron shot hits you.
* * * LOW HITPOINT WARNING * * *
The kobold blastminer is knocked back by the blast.
The kobold blastminer unwields a +0 arbalest.
The kobold blastminer barely misses you.
You hit the kobold blastminer.
The kobold blastminer blasts its cannon at you.
The iron shot hits you!!
You die...

#......
..$....## #
...$....###
.. #...$.<#
... #....[)#
....
####[..#.#
....
###..[...#
#..#..[..####
##..K@....#
#..$(.....#
##.......##
###..####
###. #


You could see a kobold blastminer (drained).

Vanquished Creatures
  Pikel (D:5)
  An orc sorcerer (Orc:1)
  Maurice (D:9)
  Joseph (D:7)
  Jeremiah (D:9)
  A wraith (D:9)
  Duvessa (D:4)
  A water moccasin (D:9)
  3 orc warriors
  A sky beast (D:8)
  A black bear (D:7)
  An ice beast (D:5)
  2 ogres
  A boggart (Orc:1)
  2 centaurs
  3 phantoms
  A weeping skull (Ossuary)
  A kobold brigand (D:6)
  An elf zombie (Ossuary)
  A bullfrog (D:8)
  2 scorpions
  A burial acolyte (Ossuary)
  8 wights
  Dowan (D:4)
  6 killer bees (D:8)
  A howler monkey (Orc:1)
  2 bombardier beetles (D:3)
  A centaur zombie (Ossuary)
  An orc priest (D:7)
  2 gnoll boudas
  5 hounds
  4 jellies
  2 sleepcaps
  2 iguanas
  2 orc wizards
  5 mummies (Ossuary)
  15 gnolls
  8 adders
  2 white imps
  2 ufetubi (D:4)
  2 ribbon worms
  20 orcs
  5 ball pythons
  9 endoplasms
  7 giant cockroaches
  4 goblins
  4 hobgoblins
  8 jackals
  2 quokkas
  5 bats
  7 frilled lizards
  A gnoll zombie (Ossuary)
  16 kobolds
  4 kobold zombies (Ossuary)
  An orc zombie (Ossuary)
  A quokka zombie (D:4)
  5 rats
  A rat zombie (D:4)
200 creatures vanquished.

Notes
Turn   | Place    | Note
-------+----------+-------------------------------------------
     0 | D:1      | Pooter the Minotaur Berserker began the quest for the Orb.
     0 | D:1      | Reached XP level 1. HP: 19/19 MP: 0/0
   282 | D:1      | Reached XP level 2. HP: 26/27 MP: 1/1
   290 | D:1      | Reached skill level 4 in Axes
   664 | D:2      | Found a shimmering altar of Xom.
   879 | D:2      | Reached XP level 3. HP: 30/32 MP: 2/2
   909 | D:2      | Reached skill level 1 in Evocations
   915 | D:2      | Reached skill level 1 in Throwing
   919 | D:2      | Reached skill level 1 in Ranged Weapons
  1016 | D:2      | Reached XP level 4. HP: 33/40 MP: 3/3
  1164 | D:2      | Reached ** piety under Trog
  1440 | D:3      | Reached skill level 5 in Axes
  1440 | D:3      | Reached XP level 5. HP: 46/46 MP: 4/4
  1601 | D:3      | Found a stormy altar of Qazlal.
  2079 | D:4      | Found a sand-covered staircase.
  2091 | Ossuary  | Entered an ossuary
  2126 | Ossuary  | Reached XP level 6. HP: 53/53 MP: 5/5
  2338 | Ossuary  | Reached skill level 6 in Axes
  2708 | D:4      | Reached skill level 5 in Fighting
  2708 | D:4      | Reached XP level 7. HP: 61/61 MP: 6/6
  2817 | D:4      | Found a staircase to the Ecumenical Temple.
  2858 | D:4      | Found a broken altar of Ashenzari.
  3143 | D:4      | Found a burning altar of Makhleb.
  3216 | D:4      | Noticed Duvessa
  3249 | D:4      | Killed Duvessa
  3260 | D:4      | Found a bloodstained altar of Trog.
  3263 | D:4      | Noticed Dowan
  3267 | D:4      | Killed Dowan
  3268 | D:4      | Reached skill level 7 in Axes
  3315 | D:4      | Found a shimmering blue altar of Sif Muna.
  3515 | D:5      | Entered Level 5 of the Dungeon
  3530 | D:5      | Reached *** piety under Trog
  3647 | D:5      | Noticed Pikel
  3657 | D:5      | Killed Pikel
  3658 | D:5      | Reached skill level 8 in Axes
  3658 | D:5      | Reached skill level 5 in Ranged Weapons
  3658 | D:5      | Reached XP level 8. HP: 70/70 MP: 7/7
  3870 | D:5      | You fall into a shaft and drop 2 floors!
  3876 | D:7      | Identified the +0 short sword "Hydrabane" {vamp, rC+
                  | Stlth+}
  3980 | D:7      | Noticed Joseph
  3996 | D:7      | Killed Joseph
  3997 | D:7      | Reached skill level 9 in Axes
  3997 | D:7      | Reached XP level 9. HP: 79/79 MP: 8/8
  4052 | D:7      | Found an ancient bone altar of Kikubaaqudgha.
  4232 | D:7      | Found a white marble altar of Elyvilon.
  4755 | D:5      | Found a hide-covered altar of Uskayaw.
  5032 | D:6      | Reached skill level 10 in Axes
  5145 | D:6      | Found a sparkling altar of Nemelex Xobeh.
  5347 | D:6      | Found a hazy altar of Hepliaklqana.
  6008 | D:6      | Found an ornate altar of the Wu Jian Council.
  6196 | D:6      | Found a snail-covered altar of Cheibriados.
  6440 | D:7      | Found a blossoming altar of Fedhas.
  6679 | D:7      | Found an iron altar of Okawaru.
  6896 | D:8      | Identified the +1 flail "Hiaveleg" {freeze, rN+}
  7693 | D:8      | Reached skill level 11 in Axes
  7841 | D:8      | Found a sacrificial altar of Ru.
  7916 | D:9      | Found a transporter.
  7916 | D:9      | Found a transporter.
  7999 | D:9      | Found an opulent altar of Gozag.
  8059 | D:9      | Reached XP level 10. HP: 88/88 MP: 9/9
  8109 | D:9      | Noticed Maurice
  8118 | D:9      | Killed Maurice
  8144 | D:9      | Found a runed translucent gate.
  8145 | D:9      | Found a runed translucent gate.
  8160 | D:9      | Found a shadowy altar of Dithmenos.
  8194 | D:9      | Noticed Jeremiah
  8228 | D:9      | Killed Jeremiah
  8353 | D:9      | Found a staircase to the Orcish Mines.
  8358 | Orc:1    | Entered Level 1 of the Orcish Mines
  8366 | Orc:1    | Noticed a kobold blastminer
  8408 | Orc:1    | Noticed an orc sorcerer
  8543 | Orc:1    | Killed an orc sorcerer
  8596 | Orc:1    | Reached skill level 12 in Axes
  8596 | Orc:1    | Noticed a kobold blastminer
  8651 | Orc:1    | Killed from afar by a kobold blastminer

Illustrated notes

Levels and vault maps discovered:
D:1:      dpeg_arrival_round_b, layout_rooms
D:2:      layout_rooms, basic_altar, minmay_tetromino_o2
D:3:      layout_rooms, mainiacjoe_overflow_small_starburst
D:4:      layout_loops_ring, nzn_overflow_gifts_of_might_and_magic,
          makhleb_blood_cavern_becter, mainiacjoe_overflow_cross_hatched,
          minmay_temple_entry_from_below_b, enter_ossuary_4
D:5:      layout_rooms, mainiacjoe_overflow_alcove_4, uniq_pikel
D:6:      layout_basic, overflow_temple_1_default, mainiacjoe_overflow_alcove_2,
          lemuel_crystal_altar, nicolae_overflow_crystal_walls,
          serial_library_hellmonk_u_bend
D:7:      layout_basic, mainiacjoe_overflow_alcove_1,
          mainiacjoe_overflow_tiny_flanked, nicolae_kikubaaqudgha_miasma_corner,
          elyvilon_altar_5, minivault_24, uniq_joseph
D:8:      layout_rooms, overflow_temple_1_default
D:9:      layout_long_grid, nicolae_dithmenos_through_a_glass_darkly,
          grunt_gozag_breadcrumbs, orc_0_dummy, gammafunk_ghost_necromancy,
          nicolae_diode_stairs, uniq_jeremiah, uniq_maurice
Orc:1:    layout_diamond_mine, serial_shops, shop, uniq_urug

Skill      XL: |  1  2  3  4  5  6  7  8  9 10 |
---------------+-------------------------------+-----
Axes           | 4 5 6 8 9 11 12 | 12.0
Evocations     | 1 2 3 |  3.0
Throwing       | 1 2 3 |  3.3
Fighting       | 4 5 6 7 8 |  8.9
Ranged Weapons | 1 2 3 5 6 8 9 |  9.7
Armour         | |  2.4
Dodging        | |  2.1

Action                     |  1- 3 |  4- 6 |  7- 9 | 10-12 || total
---------------------------+-------+-------+-------+-------++-------
  Melee: Hand axe          |    64 |    25 |       |       ||    89
         Headbutt          |     8 |    17 |    30 |     6 ||    61
         Trident           |       |   107 |    36 |    37 ||   180
         Punch             |       |     6 |     9 |     1 ||    16
         War axe           |       |       |   118 |       ||   118
         Morningstar       |       |       |    26 |     6 ||    32
   Fire: Sling             |     7 |    15 |    19 |       ||    41
         Orcbow            |       |       |    74 |    29 ||   103
  Throw: Stone             |    10 |     4 |    17 |       ||    31
         Dart              |       |     2 |     4 |     4 ||    10
 Invoke: Berserk           |     2 |     3 |     9 |     2 ||    16
         Trog's Hand       |       |     1 |     5 |     4 ||    10
  Evoke: Wand              |       |       |     8 |    10 ||    18
    Use: Scroll            |     2 |     3 |    14 |     1 ||    20
 Armour: Animal skin       |     8 |       |       |       ||     8
         Chain mail        |    48 |    81 |    80 |       ||   209
         Plate armour      |       |       |   123 |    34 ||   157
  Dodge: Dodged            |    29 |    49 |    68 |    11 ||   157

Table legend: (Time is in decaauts)
 A = Elapsed time spent in this place.
 B = Non-inter-level travel time spent in this place.
 C = Inter-level travel time spent in this place.
 D = Time resting spent in this place.
 E = Time spent auto-exploring this place.
 F = Levels seen in this place.
 G = Mean time per level.
                   A        B        C        D        E       F      G
               +--------+--------+--------+--------+--------+-----+--------+
         Total |   8850 |   8663 |    187 |   2400 |   4185 |  11 |  804.5 |
       Dungeon |   8169 |   7982 |    187 |   2185 |   4008 |   9 |  907.7 |
  Orcish Mines |    110 |    110 |      0 |      0 |     18 |   1 |  110.0 |
       Ossuary |    570 |    570 |      0 |    214 |    159 |   1 |  570.0 |
               +--------+--------+--------+--------+--------+-----+--------+

Top non-repeatable levels by time:
     D:6: 1383 daAuts
     D:7: 1220 daAuts
     D:8: 1177 daAuts
     D:4: 973 daAuts
     D:1: 783 daAuts
     D:3: 735 daAuts
     D:5: 666 daAuts
     D:9: 650 daAuts
     D:2: 578 daAuts
 Ossuary: 570 daAuts
   Orc:1: 110 daAuts
